 Dungeon Crawl Stone Soup version 0.29.1-15-g9cfb28693d (webtiles) character file.

Game seed: 9915272037393359611

269 hawla the Chiller (level 6, -22/45 HPs)
             Began as a Meteoran Ice Elementalist on Apr 2, 2023.
             Annihilated by an ogre
             ... wielding a +0 giant club
              (27 damage)
             ... on level 5 of the Dungeon on Apr 3, 2023.
             The game lasted 00:06:18 (918 turns).

hawla the Chiller (Meteoran Ice Elementalist)        Turns: 918, Time: 00:06:19

Health: -22/45     AC:  4    Str: 11    XL:     6   Next: 75%
Magic:  8/11       EV: 12    Int: 18    God:
Gold:   129        SH:  0    Dex: 14    Spells: 3/11 levels left

rFire   . . .      SeeInvis .   (no weapon)
rCold   . . .      Faith    .   (no shield)
rNeg    . . .      Spirit   .   a - +0 robe
rPois   .          Reflect  .   l - +0 helmet
rElec   .          Harm     .   c - +0 cloak
rCorr   .          Rampage  .   (no gloves)
Will    .....                   (no boots)
Stlth   +.........              (no amulet)
HPRegen 0.15/turn               (no ring)
MPRegen 0.12/turn               (no ring)

@: very slightly contaminated, glowing
A: sense surroundings 1, otherworldly, glowing, explore regen
a: no special abilities


You were on level 5 of the Dungeon.
You visited 1 branch of the dungeon, and saw 5 of its levels.

You collected 129 gold pieces.

Inventory:

Armour
 a - a +0 robe (worn)
 c - a +0 cloak (worn)
 l - a +0 helmet (worn)
Wands
 d - a wand of flame (8) (quivered)
Scrolls
 f - a scroll of teleportation {unknown}
 h - a scroll of poison {unknown}
 i - a scroll of butterflies {unknown}
 j - a scroll of identify {unknown}
Potions
 e - a potion of curing {unknown}
 g - 2 potions of ambrosia {unknown}
 k - a potion of heal wounds {unknown}


   Skills:
 + Level 2.4 Dodging
 - Level 1.4 Stealth
 + Level 3.1 Spellcasting
 + Level 5.1 Conjurations
 + Level 5.2 Ice Magic
 + Level 3.0 Evocations


You had 3 spell levels left.
You knew the following spells:

 Your Spells              Type           Power      Damage    Failure   Level
a - Freeze                Ice            84%        1d10      1%          1
b - Frozen Ramparts       Ice            42%        1d7       5%          3
c - Hailstorm             Conj/Ice       21%        3d6       19%         4

Your spell library contained the following spells:

 Spells                   Type           Power      Damage    Failure   Level
 Ozocubu's Armour         Ice            21%        N/A       5%          3


Dungeon Overview and Level Annotations

Branches:
Dungeon (5/15) Zot: 2081
 Temple: D:4-7

Altars:


Innate Abilities, Weirdness & Mutations

You passively map a small area around you.
You are easily found by Zot.
You glow in the dark.
You regain HP and MP as you explore.


Message History

You are very lightly contaminated with residual magic.
A chill runs through your body!
The wall freezes the ogre.
Casting: Hailstorm (quite dangerous; 19% risk of failure)
Confirm with . or Enter, or press ? or * to list all spells.
The spell is quite dangerous to miscast (19% risk of failure)!
Continue anyway?
Casting: Hailstorm (quite dangerous; 19% risk of failure)
Press: ? - help, Dir - look around, f - activate You miscast Hailstorm.
Nothing appears to happen.
The wall freezes the ogre.
Unknown command.
Magic courses through your body.
The wall freezes the ogre.
The ogre closely misses you.
Casting: Hailstorm (quite dangerous; 19% risk of failure)
Confirm with . or Enter, or press ? or * to list all spells.
Aiming: Freeze (safe; 1% risk of failure)
Press: ? - help, Shift-Dir - straight line, f - ogre
Aim: an ogre, wielding a +0 giant club (moderately wounded)
You freeze the ogre!
The ogre is heavily wounded.
Unknown command.
Casting: Freeze (safe; 1% risk of failure)
Confirm with . or Enter, or press ? or * to list all spells.
Aiming: Freeze (safe; 1% risk of failure)
Press: ? - help, Shift-Dir - straight line, f/p - ogre
Aim: an ogre, wielding a +0 giant club (heavily wounded)
You freeze the ogre.
The ogre is severely wounded.
The frozen ramparts melt away.
The ogre hits you with a +0 giant club!!
Ouch! That really hurt!
* * * LOW HITPOINT WARNING * * *
Casting: Freeze (safe; 1% risk of failure)
Confirm with . or Enter, or press ? or * to list all spells.
Aiming: Freeze (safe; 1% risk of failure)
Press: ? - help, Shift-Dir - straight line, f/p - ogre
Aim: an ogre, wielding a +0 giant club (severely wounded)
You freeze the ogre!
The ogre is almost dead.
The ogre hits you with a +0 giant club!!
Ouch! That really hurt!
You die...

* ,
#.#
#.#
#.#
#.#
#$#
#.#
###O#
#..@#
#.###
# *
*, *
* ***
* 8 _


You could see an ogre.

Vanquished Creatures
  A black bear (D:4)
  An iguana (D:4)
  Robin (D:4)
  3 gnolls (D:4)
  6 adders
  A dart slug (D:4)
  An orc (D:4)
  A bat (D:1)
  7 endoplasms
  2 giant cockroaches (D:4)
  11 goblins
  6 hobgoblins
  2 jackals
  A quokka (D:4)
  A ball python (D:4)
  A frilled lizard (D:3)
  5 kobolds
  2 rats (D:1)
53 creatures vanquished.

Notes
Turn   | Place    | Note
-------+----------+-------------------------------------------
     0 | D:1      | hawla the Meteoran Ice Elementalist began the quest for the
                  | Orb.
     0 | D:1      | Reached XP level 1. HP: 14/14 MP: 5/5
    59 | D:2      | Reached XP level 2. HP: 20/20 MP: 3/6
   154 | D:3      | Reached skill level 5 in Ice Magic
   154 | D:3      | Reached XP level 3. HP: 23/26 MP: 6/8
   158 | D:3      | Learned a level 3 spell: Frozen Ramparts
   163 | D:3      | Reached skill level 1 in Evocations
   213 | D:3      | Reached XP level 4. HP: 33/33 MP: 7/9
   225 | D:3      | Learned a level 4 spell: Hailstorm
   580 | D:4      | Noticed Robin
   585 | D:4      | Reached skill level 1 in Conjurations
   586 | D:4      | Reached XP level 5. HP: 36/38 MP: 4/10
   595 | D:4      | Killed Robin
   726 | D:4      | Noticed a black bear
   733 | D:4      | Killed a black bear
   734 | D:4      | Reached XP level 6. HP: 20/45 MP: 1/11
   781 | D:4      | Reached skill level 5 in Conjurations
   910 | D:5      | Entered Level 5 of the Dungeon
   910 | D:5      | Noticed an ogre
   918 | D:5      | Annihilated by an ogre

Illustrated notes

Levels and vault maps discovered:
D:1:      mushboom_english_gardens, layout_loops_cross,
          hellmonk_ecumenical_altar_heavens_door
D:2:      layout_basic, serial_curves, eino_curves_01, eino_curves_02
D:3:      minmay_octagon_keep, layout_basic, cheibrodos_sewer_entry_drain
D:4:      layout_loops_cross, uniq_robin
D:5:      layout_loops_ring, doesnt_xom_only_xom

Skill      XL: |  1  2  3  4  5  6 |
---------------+-------------------+-----
Spellcasting   | 3 |  3.1
Ice Magic      | 5 |  5.2
Evocations     | 1 3 |  3.0
Conjurations   | 1 4 5 |  5.1
Dodging        | |  2.4
Stealth        | |  1.4

Action                   |  1- 3 |  4- 6 || total
-------------------------+-------+-------++-------
Melee: Unarmed           |     1 |    42 ||    43
       Punch             |       |     1 ||     1
 Cast: Freeze            |    24 |    37 ||    61
       Frozen Ramparts   |       |    10 ||    10
  Use: Potion            |       |     2 ||     2
Armor: Robe              |     7 |    21 ||    28
Dodge: Dodged            |    16 |    27 ||    43
